 Dungeon Crawl Stone Soup version 0.17.1-1-g73c8601 (webtiles) character file.

5281 Flanowski the Protected (level 10, -1/91 HPs)
             Began as a Minotaur Fighter on Jan 2, 2016.
             Was a Believer of Makhleb.
             Killed by divine providence
             ... invoked by an orc priest
              (13 damage)
             ... on level 9 of the Dungeon.
             The game lasted 00:14:01 (6861 turns).

Flanowski the Protected (Minotaur Fighter)          Turns: 6861, Time: 00:14:03

Health: -1/91      AC: 15    Str: 24    XL:     10   Next: 37%
Magic:  9/9        EV:  7    Int: 10    God:    Makhleb [**....]
Gold:   125        SH: 11    Dex: 10    Spells: 0 memorised, 9 levels left

rFire  . . .     SeeInvis .     x - +2 war axe (chop)
rCold  . . .     Clarity  .     u - +0 plate armour
rNeg   . . .     SustAt   +     c - +0 shield
rPois  +         Gourm    .     (helmet restricted)
rElec  .         Spirit   .     (no cloak)
rCorr  .         Warding  .     (no gloves)
rMut   .         Stasis   .     (no boots)
MR     .....                    (no amulet)
Stlth  ..........               y - ring of Seuwkuam {SustAt Int+5}
                                h - ring of poison resistance

@: not resistant to hostile enchantments, extremely unstealthy
A: retaliatory headbutt, horns 2
a: Minor Destruction, Renounce Religion


You were on level 9 of the Dungeon.
You worshipped Makhleb.
Makhleb was pleased with you.
You were not hungry.

You visited 2 branches of the dungeon, and saw 10 of its levels.

You collected 295 gold pieces.
You spent 170 gold pieces at shops.

Inventory:

Hand Weapons
 a - a +0 war axe
 x - a +2 war axe of chopping (weapon)
 C - a +5 hand axe
Armour
 b - a +0 scale mail
 c - a +0 shield (worn)
 u - a +0 plate armour (worn)
Jewellery
 h - a ring of poison resistance (left hand)
 r - an uncursed ring of sustain attributes
 y - the ring of Seuwkuam (right hand) {SustAt Int+5}
   (You found it on level 6 of the Dungeon)

   [ring of sustain attributes]

   It sustains your strength, intelligence and dexterity.
   It affects your intelligence (+5).
 F - an uncursed ring of stealth
Wands
 A - a wand of draining (6)
 D - a wand of random effects (31)
 L - a wand of paralysis (8)
Scrolls
 f - 2 scrolls of magic mapping
 i - 6 scrolls of identify
 n - 2 scrolls of remove curse
 p - 2 scrolls of amnesia
 G - a scroll of fog {unknown}
 K - a scroll of teleportation {unknown}
Potions
 d - a potion of agility {unknown}
 g - 4 potions of curing {unknown}
 k - 3 potions of flight {unknown}
 m - 2 potions of degeneration {unknown}
 o - a potion of resistance {unknown}
 q - a potion of lignification {unknown}
 t - 2 potions of invisibility {unknown}
 v - 2 potions of heal wounds {unknown}
 w - a potion of berserk rage {unknown}
 B - 2 potions of poison {unknown}
 E - a potion of brilliance {unknown}
 H - a potion of ambrosia {unknown}
Books
 s - a book of Hinderance

   Spells                             Type                      Level
   a - Confusing Touch                Hexes                        2
   b - Confuse                        Hexes                        3
   c - Gell's Gravitas                Hexes/Translocation          3
   d - Petrify                        Transmutation/Earth          4
   e - Metabolic Englaciation         Hexes/Ice                    5
Comestibles
 e - 9 bread rations
 j - 3 meat rations
 l - 10 beef jerkies
 z - a slice of pizza
 I - a royal jelly
 J - 3 fruits
 M - 10 chunks of flesh


   Skills:
 * Level 9.1 Fighting
 + Level 7.9 Axes
 * Level 12.2 Armour
 + Level 3.2 Dodging
 + Level 0.1 Stealth
 + Level 8.4 Shields


You had 9 spell levels left.
You didn't know any spells.

Dungeon Overview and Level Annotations

Branches:
Dungeon (9/15)             Temple (1/1) D:5
   Lair: D:8-11         Orc: D:9-12

Altars:
Ashenzari
Cheibriados
Dithmenos
Elyvilon
Fedhas
Gozag
Kikubaaqudgha
Makhleb
Nemelex Xobeh
Okawaru
Qazlal
Ru
Sif Muna
Trog
Vehumet
Xom
Yredelemnul
Zin

Shops:
D:4 *   D:6 (   D:7 ?


Innate Abilities, Weirdness & Mutations

You reflexively headbutt those who attack you in melee.
You have a pair of horns on your head.


Message History

You slash the orc!
You kill the orc!
Makhleb accepts your kill.
You hit the orc priest.
The orc priest is moderately wounded.
You closely miss the worker ant.
The worker ant is severely wounded.
The orc priest invokes the aid of Beogh against you.
Pain shoots through your body!
* * * LOW HITPOINT WARNING * * *
The worker ant bites you but does no damage.
The orc priest hits you but does no damage.
You closely miss the orc priest. Your headbutt misses the orc priest.
The orc priest is moderately wounded.
You closely miss the hound. You hit the worker ant.
You kill the worker ant!
Makhleb accepts your kill.
The orc priest invokes the aid of Beogh against you.
Something smites you!
You die...

#..# #..# #.. #..##..#
#..# #.. #..##..# #..#
#.. #..##..# #..# #..
#..##..# #..# #..
#..##).####..#####..
#.........).........
#..o................
#oh@........<.......
.....5)###.#####.........
....... #.# #.........
.....h. #.# #.........
....o.. #.# #.........
.....o. #.# #.........
....... #.# .........
....... #.# ........ #.#
.......


You could see a hound, 2 orc priests and a crimson imp.

Vanquished Creatures
  Pikel (D:7)
  A cyclops (D:7)
  A troll (D:9)
  A two-headed ogre (D:9)
  A water moccasin (D:7)
  Sigmund (D:2)
  5 yaks (D:9)
  The ghost of Metrazal the Covert, an amateur SpAs (D:4)
  Duvessa (D:7)
  A slave (D:7)
  4 ogres
  2 ice beasts
  A black bear (D:9)
  6 giant frogs
  2 centaurs
  A crocodile (D:9)
  Blork the orc (D:5)
  A big kobold (D:8)
  Dowan (D:7)
  A scorpion (D:7)
  5 killer bees (D:9)
  3 wights (D:6)
  5 crimson imps
  A quasit (D:8)
  2 orc priests
  A hound (D:5)
  A jelly (D:7)
  Crazy Yiuf (D:5)
  Jessica (D:3)
  A giant frog skeleton (D:5)
  4 orc wizards
  6 worker ants
  An iguana (D:4)
  3 sheep (D:7)
  A hound skeleton (D:5)
  A worker ant zombie (D:9)
  11 adders
  A river rat (D:5)
  A shadow imp (D:7)
  2 oozes (D:2)
  5 worms
  5 giant geckos
  25 orcs
  3 ball pythons
  9 bats
  3 giant cockroaches
  14 goblins
  15 hobgoblins
  6 jackals
  13 kobolds
  2 quokkas (D:3)
  5 giant newts
  A quokka skeleton (D:4)
  12 rats
204 creatures vanquished.

Vanquished Creatures (others)
  A slave (D:7)
  An ogre (D:7)
  A centaur (D:7)
  2 crimson imps (D:7)
  An orc wizard (D:7)
  An adder (D:7)
  An adder zombie (D:7)
  A giant gecko (D:6)
  An orc (D:7)
  A giant cockroach (D:7)
  A giant newt (D:7)
  2 jackals (D:7)
14 creatures vanquished.

Grand Total: 218 creatures vanquished

Notes
Turn   | Place    | Note
--------------------------------------------------------------
     0 | D:1      | Flanowski the Minotaur Fighter began the quest for the Orb.
     0 | D:1      | Reached XP level 1. HP: 19/19 MP: 0/0
   107 | D:1      | Reached skill level 4 in Fighting
   192 | D:1      | Reached XP level 2. HP: 27/27 MP: 1/1
   934 | D:2      | Reached XP level 3. HP: 33/33 MP: 2/2
  1202 | D:2      | Noticed Sigmund
  1208 | D:2      | Killed Sigmund
  1208 | D:2      | Reached skill level 5 in Armour
  1208 | D:2      | Reached skill level 1 in Dodging
  1208 | D:2      | Reached XP level 4. HP: 9/41 MP: 3/3
  1208 | D:2      | Reached XP level 5. HP: 10/47 MP: 4/4
  1636 | D:2      | Reached skill level 6 in Armour
  2156 | D:3      | Noticed Jessica
  2165 | D:3      | Killed Jessica
  2165 | D:3      | Reached XP level 6. HP: 53/53 MP: 5/5
  2734 | D:3      | You fall through a shaft!
  2800 | D:4      | Noticed Metrazal's ghost (amateur SpAs)
  2823 | D:4      | Killed Metrazal's ghost
  2823 | D:4      | Reached skill level 5 in Fighting
  2823 | D:4      | Reached skill level 5 in Shields
  3110 | D:4      | Found Bynesk's General Store.
  3233 | D:4      | Reached XP level 7. HP: 45/61 MP: 6/6
  3282 | D:4      | Found a deep blue altar of Sif Muna.
  3302 | D:4      | Reached skill level 7 in Armour
  3544 | D:5      | Entered Level 5 of the Dungeon
  3557 | D:5      | Found a staircase to the Ecumenical Temple.
  3572 | Temple   | Entered the Ecumenical Temple
  3802 | D:4      | Bought a +1 war axe of chopping for 170 gold pieces
  4052 | D:5      | Reached skill level 8 in Armour
  4115 | D:5      | Noticed Crazy Yiuf
  4120 | D:5      | Killed Crazy Yiuf
  4188 | D:5      | Noticed Blork the orc
  4194 | D:5      | Killed Blork the orc
  4194 | D:5      | Reached XP level 8. HP: 70/70 MP: 7/7
  4395 | D:6      | Got a bound jade ring
  4397 | D:6      | Identified the ring of Seuwkuam {SustAt Int+5} (You found it on level 6 of the Dungeon)
  4405 | D:6      | Found Qekliox's Antique Weapon Emporium.
  4416 | D:6      | Reached skill level 5 in Axes
  4453 | D:6      | Found an iron altar of Okawaru.
  4480 | D:6      | Found an ancient bone altar of Kikubaaqudgha.
  4480 | D:6      | Found an opulent altar of Gozag.
  4629 | D:7      | Reached skill level 9 in Armour
  4632 | D:7      | Found a shattered altar of Ashenzari.
  4668 | D:7      | Noticed Pikel
  4688 | D:7      | Killed Pikel
  4709 | D:7      | Noticed Duvessa
  4709 | D:7      | Noticed Dowan
  4716 | D:7      | Killed Duvessa
  4716 | D:7      | Reached skill level 10 in Armour
  4716 | D:7      | Reached XP level 9. HP: 68/79 MP: 8/8
  5010 | D:7      | Killed Dowan
  5029 | D:7      | Found a burning altar of Makhleb.
  5042 | D:7      | Became a worshipper of Makhleb the Destroyer
  5218 | D:7      | Noticed a cyclops
  5230 | D:7      | Killed a cyclops
  5236 | D:7      | Reached skill level 11 in Armour
  5300 | D:7      | Found a shimmering altar of Xom.
  5556 | D:7      | Found Redgho Oxzi's Magic Scroll Boutique.
  6244 | D:8      | Reached * piety under Makhleb
  6267 | D:8      | Got an ancient long sword
  6268 | D:8      | Identified the +7 long sword "Taistoil" {drain, +Blink rElec rC- rN++} (You found it on level 8 of the Dungeon)
  6549 | D:9      | Reached skill level 12 in Armour
  6583 | D:9      | Reached XP level 10. HP: 88/88 MP: 9/9
  6687 | D:9      | Reached ** piety under Makhleb
  6861 | D:9      | Killed from afar by an orc priest

Action                   |  1- 3 |  4- 6 |  7- 9 | 10-12 || total
-------------------------+-------+-------+-------+-------++-------
Melee: War axe           |    79 |   174 |   283 |    48 ||   584
  Use: Potion            |     1 |       |       |       ||     1
       Scroll            |       |       |     4 |       ||     4
  Eat: Chunk             |     1 |     7 |    12 |     1 ||    21
